 Dungeon Crawl Stone Soup version 0.17-a0-1519-g2001520 (webtiles) character file.

149 mrath the Poker (level 5, 0/41 HPs)
             Began as a Merfolk Gladiator on July 14, 2015.
             Slain by a black bear (2 damage)
             ... on level 4 of the Dungeon.
             The game lasted 00:31:16 (4103 turns).

mrath the Poker (Merfolk Gladiator)                 Turns: 4103, Time: 00:31:16

Health: 0/41       AC:  6    Str: 17    XL:     5   Next: 31%
Magic:  5/5        EV: 14    Int:  7    God:
Gold:   20         SH:  0    Dex: 14    Spells: 0 memorised, 4 levels left

rFire  . . .     SeeInvis .     a - +0 trident
rCold  . . .     Clarity  .     b - +1 leather armour
rNeg   . . .     SustAt   .     (no shield)
rPois  .         Gourm    .     c - +1 helmet
rElec  .         Spirit   .     (no cloak)
rCorr  .         Warding  .     (no gloves)
rMut   .         Stasis   .     (no boots)
MR     .....                    s - amulet of rage
Stlth  +.........               (no ring)
                                (no ring)

@: lethally poisoned (0 -> -5), not resistant to hostile enchantments, very
unstealthy
A: change form in water, swift swim
a: Evoke Berserk Rage


You were on level 4 of the Dungeon.
You were not hungry.

You visited 1 branch of the dungeon, and saw 4 of its levels.

You collected 76 gold pieces.
You spent 56 gold pieces at shops.

Inventory:

Hand weapons
 a - a +0 trident (weapon)
 l - a +0 whip of venom
 p - a +0 hand axe of chopping
 u - a +1 short sword of distortion
 z - a +0 hunting sling
 A - a +0 blowgun
Missiles
 d - 3 throwing nets (quivered)
 h - 99 stones
 o - 39 poisoned needles
 B - 18 arrows
 D - 13 arrows of frost
Armour
 b - a +1 leather armour (worn)
 c - a +1 helmet (worn)
Jewellery
 s - an amulet of rage (around neck)
Magical devices
 w - a wand of disintegration (7)
Scrolls
 i - a scroll of amnesia {unknown}
 m - a scroll of blinking {unknown}
 q - 2 scrolls of identify
 v - a scroll of teleportation {unknown}
 x - 2 scrolls of enchant armour
Potions
 f - a potion of haste {unknown}
 g - 2 potions of cancellation
 k - a potion of agility {unknown}
 n - a potion of might {unknown}
 r - a potion of lignification {unknown}
 t - a potion of heal wounds {unknown}
Comestibles
 e - a bread ration


   Skills:
 + Level 3.1 Fighting
 + Level 5.6 Polearms
 + Level 0.1(1.0) Slings
 + Level 2.2 Throwing
 + Level 1.6 Armour
 + Level 5.0 Dodging
 + Level 0.5 Stealth


You had 4 spell levels left.
You didn't know any spells.

Dungeon Overview and Level Annotations

Branches:
Dungeon (4/15)
 Temple: D:4-7

Altars:
Ashenzari
Dithmenos
Elyvilon
Vehumet

Shops:
D:4 *


Message History

The black bear claws you.
* * * LOW HITPOINT WARNING * * *
The black bear claws you.
* * * LOW HITPOINT WARNING * * *
The adder barely misses you.
Read which item? (? for menu, Esc to quit)
As you read the scroll of fog, it crumbles to dust.
The scroll dissolves into smoke.
The adder bites you but does no damage. The black bear closely misses you.
The black bear claws you but does no damage.
The black bear barely misses you.
You closely miss the adder.
The adder is lightly wounded.
The adder bites you.
* * * LOW HITPOINT WARNING * * *
You are lethally poisoned!
The adder poisons you! The black bear closely misses you.
The black bear claws you but does no damage.
The black bear claws you.
You die...

######### ###
#@S§..... ... #####
#h####### #.#
#..^###W#
########.###
#....$..#
#..........
#...#######.######.#
##.## #.>..........#
#.# #.###.######.#
#.####.# #.# ##.#
#...##.###.# #..#


You could see a phantom, a black bear and an adder.

Vanquished Creatures
  An orc wizard (D:3)
  Robin (D:3)
  A gnoll (D:3)
  2 adders
  A worm (D:3)
  A giant gecko (D:3)
  4 orcs
  3 ball pythons
  A giant cockroach (D:2)
  13 goblins
  17 hobgoblins
  7 bats
  5 giant newts
  9 kobolds
  10 rats
76 creatures vanquished.

Notes
Turn   | Place    | Note
--------------------------------------------------------------
     0 | D:1      | mrath the Merfolk Gladiator began the quest for the Orb.
     0 | D:1      | Reached XP level 1. HP: 16/16 MP: 1/1
   129 | D:1      | Reached XP level 2. HP: 17/23 MP: 2/2
   555 | D:1      | Reached skill level 5 in Polearms
   911 | D:2      | Reached XP level 3. HP: 24/28 MP: 3/3
  1229 | D:2      | Found a white marble altar of Elyvilon.
  1231 | D:2      | Found a shattered altar of Ashenzari.
  1231 | D:2      | Found a shadowy altar of Dithmenos.
  1330 | D:2      | Found a radiant altar of Vehumet.
  1798 | D:3      | Noticed Robin
  1861 | D:2      | Reached XP level 4. HP: 9/34 MP: 4/4
  2371 | D:3      | Found a faded altar to an unknown god.
  2533 | D:3      | Reached skill level 1 in Armour
  2540 | D:3      | Killed Robin
  2668 | D:3      | Reached skill level 5 in Dodging
  3441 | D:3      | Reached XP level 5. HP: 35/41 MP: 5/5
  3853 | D:4      | Noticed a phantom
  3948 | D:4      | Found Qaicw's Assorted Antiques.
  3954 | D:4      | Bought a scroll of identify for 56 gold pieces
  4082 | D:4      | Noticed a black bear
  4103 | D:4      | HP: 2/41 [adder (2)]
  4103 | D:4      | Slain by a black bear

Vault maps used:
D:1:      dpeg_arrival_long_road
D:2:      nicolae_overflow_quartered_altars, minmay_misc_feat_four_crosses
D:3:      ecumenical_altar_1, first_bread, uniq_robin
D:4:      kennysheep_mini, serial_shops, shop, corexii_hall_statues_i,
          minmay_box_of_dots

Action                   |  1- 3 |  4- 6 || total
-------------------------+-------+-------++-------
Melee: Trident           |   145 |   160 ||   305
 Fire: Hunting sling     |     4 |     8 ||    12
       Blowgun           |       |    10 ||    10
Throw: Throwing net      |       |     1 ||     1
Evoke: Wand              |       |     2 ||     2
  Use: Scroll            |     2 |     6 ||     8
 Stab: Sleeping          |     1 |       ||     1
  Eat: Chunk             |     2 |     2 ||     4
       Pizza             |     1 |       ||     1
       Bread ration      |       |     1 ||     1
